[ AOE2 MATCH · #468975243 ]
Team RMJapanese vs Vikings
[ REPLAY ANALYSIS · EXTRACTED FROM THE RECORDED GAME ]
Feudal
13:06
Castle
19:54
Imperial
42:32
| APM avg | 15.6 |
| APM peak | 50 |
| eAPM avg | 13.4 |
| Villagers / military | 68 / 168 |
Focus
⚔️ 31.7% · 🌾 68.3%
Archer ×86 · Samurai ×65 · Mangonel ×8 · Battering Ram ×6 · Trebuchet (Packed) ×2 · Petard ×1
Feudal
12:10
Castle
21:38
Imperial
35:56
| APM avg | 18.2 |
| APM peak | 67 |
| eAPM avg | 15.9 |
| Villagers / military | 104 / 134 |
Focus
⚔️ 42.7% · 🌾 57.3%
Berserk ×52 · Spearman ×41 · Mangonel ×18 · Trebuchet (Packed) ×10 · Trade Cart ×9 · Militia ×6
Feudal
10:42
Castle
21:07
Imperial
36:17
| APM avg | 26.7 |
| APM peak | 160 |
| eAPM avg | 18.8 |
| Villagers / military | 96 / 215 |
Focus
⚔️ 31.5% · 🌾 68.5%
Militia ×80 · Scout Cavalry ×73 · Scorpion ×24 · Chu Ko Nu ×18 · Archer ×13 · Trebuchet (Packed) ×4
Feudal
—
Castle
—
Imperial
—
| APM avg | 28.1 |
| APM peak | 98 |
| eAPM avg | 22.7 |
| Villagers / military | 107 / 275 |
Focus
⚔️ 41.8% · 🌾 58.2%
Knight ×143 · Skirmisher ×108 · Trade Cart ×15 · Trebuchet (Packed) ×10 · Throwing Axeman ×7 · Battering Ram ×4
Match map
Resources at game start + every placement click. Thick line = wall · dashed box = detected house wall. 🟡 gold · ⚪ stone · 🟢 berries · 🔶 boar · ⭕ relic
Your base· ✓ Closed at 19:54 · 0t walls
a.mglass's base· ✓ Closed at 21:38 · 0t walls
DPackX's base· Open — unwalled flank
CHONNR10's base· ✓ Closed at 17:17 · 14t walls
Elevation-shaded terrain · ⚠ = detected wall gap · hover for details
Inputs per minute
— PicanteMartinez - - a.mglass
Build order — PicanteMartinez
First 150 of 237 actions detected
| 0:02 | Build | House |
| 0:07 | Create | Villager (Male) ×4 |
| 0:47 | Research | Loom |
| 1:39 | Create | Villager (Male) |
| 1:53 | Create | Villager (Male) |
| 2:09 | Build | House |
| 2:33 | Create | Villager (Male) |
| 3:14 | Create | Villager (Male) |
| 3:28 | Create | Villager (Male) |
| 3:47 | Create | Villager (Male) |
| 3:52 | Create | Villager (Male) |
| 4:11 | Create | Villager (Male) |
| 4:20 | Build | Mill |
| 4:39 | Build | Lumber Camp |
| 5:11 | Build | House |
| 5:41 | Create | Villager (Male) |
| 6:15 | Build | House |
| 6:42 | Create | Villager (Male) |
| 6:42 | Create | Villager (Male) |
| 6:56 | Build | Lumber Camp |
| 7:34 | Create | Villager (Male) |
| 7:40 | Build | Mining Camp |
| 7:44 | Create | Villager (Male) |
| 8:13 | Build | Mining Camp |
| 8:41 | Create | Villager (Male) |
| 8:43 | Create | Villager (Male) |
| 9:13 | Build | Farm |
| 9:15 | Build | Farm |
| 9:59 | Build | Farm |
| 10:01 | Build | Farm |
| 10:03 | Build | Farm |
| 10:14 | Create | Villager (Male) |
| 10:56 | Research | Feudal Age |
| 11:35 | Build | House |
| 11:42 | Build | House |
| 11:49 | Build | Mill |
| 12:08 | Build | Barracks |
| 13:06 | Age | Feudal Age |
| 13:10 | Build | Market |
| 13:15 | Research | Wheelbarrow |
| 13:21 | Research | Double-Bit Axe |
| 13:36 | Create | Villager (Male) |
| 13:37 | Create | Villager (Male) |
| 14:01 | Build | Archery Range |
| 14:17 | Build | Farm |
| 15:01 | Build | Blacksmith |
| 15:10 | Create | Villager (Male) |
| 15:31 | Build | House |
| 15:45 | Create | Archer |
| 15:45 | Create | Archer |
| 15:49 | Build | Farm |
| 16:17 | Create | Archer |
| 16:17 | Create | Archer |
| 17:14 | Research | Castle Age |
| 17:23 | Build | Lumber Camp |
| 17:51 | Create | Archer |
| 17:51 | Create | Archer |
| 18:00 | Research | Stone Mining |
| 18:51 | Create | Archer |
| 19:04 | Create | Villager (Male) |
| 19:04 | Create | Villager (Male) |
| 19:54 | Age | Castle Age |
| 20:00 | Build | Castle |
| 20:08 | Build | Lumber Camp |
| 20:22 | Research | Gold Mining |
| 20:27 | Research | Hand Cart |
| 21:10 | Build | Town Center |
| 21:13 | Research | Crossbowman (upgrade) |
| 21:28 | Research | Fletching |
| 21:31 | Build | House |
| 21:32 | Build | House |
| 21:39 | Create | Villager (Male) |
| 21:39 | Create | Villager (Male) |
| 22:20 | Create | Samurai ×2 |
| 22:26 | Create | Villager (Male) |
| 22:26 | Create | Villager (Male) |
| 22:55 | Build | Farm |
| 23:05 | Create | Villager (Male) |
| 23:05 | Create | Villager (Male) |
| 23:13 | Create | Petard |
| 23:43 | Create | Villager (Male) |
| 23:45 | Create | Villager (Male) |
| 23:46 | Create | Villager (Male) |
| 23:51 | Build | Farm |
| 24:00 | Research | Horse Collar |
| 24:18 | Build | Lumber Camp |
| 24:34 | Create | Villager (Male) |
| 24:38 | Create | Villager (Male) |
| 25:07 | Create | Archer |
| 25:08 | Create | Archer |
| 25:15 | Build | Lumber Camp |
| 25:21 | Research | Town Watch |
| 25:23 | Build | Farm |
| 25:30 | Build | Farm |
| 25:35 | Create | Villager (Male) |
| 25:36 | Create | Villager (Male) |
| 26:10 | Build | Siege Workshop |
| 26:17 | Create | Archer |
| 26:22 | Build | Archery Range |
| 26:28 | Create | Villager (Male) |
| 26:29 | Create | Villager (Male) |
| 26:31 | Create | Villager (Male) |
| 26:31 | Create | Villager (Male) |
| 26:39 | Build | Mining Camp |
| 27:11 | Create | Battering Ram |
| 27:19 | Create | Villager (Male) |
| 27:27 | Build | Farm |
| 27:31 | Build | Farm |
| 27:39 | Build | Lumber Camp |
| 27:49 | Build | Farm |
| 28:11 | Create | Battering Ram |
| 28:20 | Create | Samurai ×5 |
| 28:26 | Create | Archer ×5 |
| 30:10 | Research | Thumb Ring |
| 31:30 | Build | Castle |
| 31:47 | Create | Samurai ×5 |
| 31:50 | Create | Samurai ×5 |
| 32:04 | Build | Mining Camp |
| 32:07 | Create | Samurai ×4 |
| 32:31 | Build | Mill |
| 32:32 | Build | Farm |
| 32:33 | Build | Farm |
| 32:33 | Build | Farm |
| 32:33 | Build | Farm |
| 33:13 | Create | Villager (Male) |
| 33:18 | Build | Farm |
| 34:01 | Build | Town Center |
| 34:07 | Create | Samurai |
| 34:08 | Create | Samurai |
| 34:22 | Create | Mangonel |
| 34:22 | Create | Mangonel |
| 34:39 | Build | Farm |
| 34:55 | Create | Samurai |
| 34:56 | Create | Samurai |
| 35:00 | Create | Samurai |
| 35:01 | Create | Samurai |
| 35:44 | Build | University |
| 36:00 | Build | Castle |
| 36:53 | Build | Siege Workshop |
| 36:57 | Build | Siege Workshop |
| 37:04 | Create | Mangonel |
| 37:04 | Create | Mangonel |
| 38:40 | Create | Villager (Male) |
| 39:14 | Create | Villager (Male) |
| 39:14 | Create | Villager (Male) |
| 39:15 | Create | Villager (Male) |
| 39:22 | Research | Imperial Age |
| 39:33 | Create | Samurai |
| 40:17 | Create | Samurai ×2 |
| 40:27 | Create | Villager (Male) ×5 |
Build order — a.mglass
First 150 of 369 actions detected
| 0:16 | Build | House |
| 0:17 | Build | House |
| 0:18 | Build | House |
| 0:21 | Build | House |
| 0:34 | Build | Mill |
| 0:37 | Create | Villager (Male) |
| 0:37 | Create | Villager (Male) |
| 0:38 | Create | Villager (Male) |
| 0:38 | Create | Villager (Male) |
| 1:13 | Research | Loom |
| 2:22 | Create | Villager (Male) |
| 2:22 | Create | Villager (Male) |
| 3:08 | Create | Villager (Male) |
| 3:19 | Create | Villager (Male) |
| 4:02 | Create | Villager (Male) |
| 4:02 | Create | Villager (Male) |
| 4:20 | Create | Villager (Male) |
| 4:54 | Create | Villager (Male) |
| 5:27 | Create | Villager (Male) |
| 5:38 | Create | Villager (Male) |
| 5:56 | Build | Lumber Camp |
| 6:48 | Create | Villager (Male) |
| 6:48 | Create | Villager (Male) |
| 7:28 | Create | Villager (Male) |
| 7:28 | Create | Villager (Male) |
| 7:58 | Create | Villager (Male) |
| 10:00 | Research | Feudal Age |
| 10:38 | Create | Villager (Male) |
| 10:38 | Create | Villager (Male) |
| 11:05 | Build | Barracks |
| 12:10 | Age | Feudal Age |
| 12:17 | Research | Double-Bit Axe |
| 12:28 | Build | Lumber Camp |
| 12:42 | Build | Market |
| 12:55 | Build | Mining Camp |
| 13:03 | Create | Villager (Male) |
| 13:03 | Create | Villager (Male) |
| 14:15 | Create | Villager (Male) |
| 14:16 | Create | Villager (Male) |
| 14:16 | Create | Villager (Male) |
| 14:26 | Build | House |
| 14:27 | Build | House |
| 14:29 | Build | House |
| 14:35 | Research | Gold Mining |
| 14:44 | Build | Blacksmith |
| 14:51 | Create | Villager (Male) |
| 14:51 | Create | Villager (Male) |
| 15:13 | Research | Horse Collar |
| 15:18 | Build | Farm |
| 15:25 | Build | Farm |
| 15:26 | Build | Farm |
| 15:27 | Build | Farm |
| 15:29 | Build | Farm |
| 15:31 | Build | Farm |
| 15:32 | Build | Farm |
| 15:34 | Build | Farm |
| 15:37 | Build | Farm |
| 16:09 | Build | Farm |
| 16:15 | Build | Farm |
| 16:19 | Create | Villager (Male) |
| 16:19 | Create | Villager (Male) |
| 16:35 | Build | Farm |
| 17:05 | Build | Farm |
| 17:08 | Create | Villager (Male) |
| 17:08 | Create | Villager (Male) |
| 17:21 | Build | Farm |
| 17:55 | Build | Farm |
| 18:03 | Create | Villager (Male) |
| 18:12 | Build | Farm |
| 18:27 | Create | Villager (Male) |
| 18:36 | Build | Farm |
| 18:58 | Research | Castle Age |
| 19:10 | Build | Farm |
| 19:45 | Research | Man-at-Arms (upgrade) |
| 19:46 | Research | Arson |
| 19:50 | Research | Scale Mail Armor |
| 20:42 | Build | Stable |
| 20:54 | Build | Archery Range |
| 21:02 | Research | Forging |
| 21:03 | Research | Padded Archer Armor |
| 21:04 | Research | Fletching |
| 21:06 | Research | Scale Barding Armor |
| 21:38 | Age | Castle Age |
| 21:45 | Research | Chain Mail Armor |
| 21:58 | Build | Town Center |
| 22:17 | Research | Bow Saw |
| 22:24 | Build | Siege Workshop |
| 22:59 | Create | Villager (Male) |
| 23:00 | Create | Villager (Male) |
| 23:00 | Create | Villager (Male) |
| 23:09 | Create | Villager (Male) |
| 23:10 | Create | Villager (Male) |
| 23:10 | Create | Villager (Male) |
| 23:26 | Build | Town Center |
| 23:31 | Research | Stone Mining |
| 23:42 | Create | Villager (Male) |
| 24:06 | Build | Mining Camp |
| 24:22 | Create | Villager (Male) |
| 24:27 | Create | Villager (Male) |
| 24:28 | Create | Villager (Male) |
| 24:31 | Create | Villager (Male) |
| 24:32 | Create | Villager (Male) |
| 24:35 | Research | Heavy Plow |
| 24:39 | Create | Villager (Male) |
| 24:40 | Create | Villager (Male) |
| 25:20 | Create | Villager (Male) |
| 25:25 | Create | Villager (Male) |
| 25:34 | Build | House |
| 25:52 | Build | House |
| 26:01 | Create | Villager (Male) |
| 26:01 | Create | Villager (Male) |
| 26:05 | Create | Villager (Male) |
| 26:05 | Create | Villager (Male) |
| 26:11 | Build | House |
| 26:18 | Build | House |
| 26:24 | Create | Villager (Male) |
| 26:25 | Create | Villager (Male) |
| 26:28 | Create | Villager (Male) |
| 26:29 | Create | Villager (Male) |
| 26:43 | Create | Villager (Male) |
| 26:51 | Build | Siege Workshop |
| 27:08 | Build | Farm |
| 27:10 | Build | Farm |
| 27:11 | Build | Farm |
| 27:15 | Build | Farm |
| 27:18 | Build | Farm |
| 27:20 | Build | Farm |
| 28:14 | Create | Villager (Male) |
| 28:18 | Create | Villager (Male) |
| 28:21 | Create | Villager (Male) |
| 28:21 | Create | Villager (Male) |
| 28:39 | Build | Farm |
| 28:45 | Build | Farm |
| 28:54 | Build | Farm |
| 29:10 | Create | Mangonel |
| 29:10 | Create | Mangonel |
| 29:22 | Build | Castle |
| 29:42 | Create | Mangonel |
| 29:44 | Create | Mangonel |
| 29:58 | Research | Pikeman (upgrade) |
| 29:58 | Research | Long Swordsman (upgrade) |
| 29:59 | Research | Gambesons |
| 29:59 | Research | Squires |
| 30:57 | Create | Mangonel |
| 31:06 | Research | Bodkin Arrow |
| 31:46 | Create | Mangonel |
| 32:18 | Build | Mining Camp |
| 32:43 | Build | University |
| 32:46 | Research | Imperial Age |
| 33:03 | Build | Town Center |
Build order — DPackX
First 150 of 280 actions detected
| 0:16 | Research | Loom |
| 0:51 | Create | Villager (Male) |
| 0:51 | Create | Villager (Male) |
| 1:18 | Create | Villager (Male) |
| 1:49 | Create | Villager (Male) |
| 1:49 | Create | Villager (Male) |
| 2:20 | Create | Villager (Male) |
| 2:32 | Create | Villager (Male) |
| 2:49 | Create | Villager (Male) |
| 3:17 | Create | Villager (Male) |
| 3:47 | Build | House |
| 3:55 | Create | Villager (Male) |
| 4:04 | Create | Villager (Male) |
| 4:24 | Create | Villager (Male) |
| 4:51 | Build | Lumber Camp |
| 5:10 | Create | Villager (Male) |
| 5:26 | Build | House |
| 5:27 | Build | House |
| 5:28 | Build | House |
| 5:29 | Build | House |
| 5:30 | Build | House |
| 6:04 | Create | Villager (Male) |
| 6:04 | Create | Villager (Male) |
| 6:22 | Create | Villager (Male) |
| 6:38 | Build | House |
| 7:50 | Build | Mill |
| 7:54 | Create | Villager (Male) |
| 8:32 | Research | Feudal Age |
| 8:56 | Build | Mining Camp |
| 9:04 | Build | Mining Camp |
| 9:34 | Create | Villager (Male) |
| 9:51 | Create | Villager (Male) |
| 10:24 | Create | Villager (Male) |
| 10:42 | Age | Feudal Age |
| 10:57 | Research | Horse Collar |
| 11:03 | Research | Double-Bit Axe |
| 11:08 | Create | Villager (Male) |
| 11:18 | Build | Farm |
| 11:23 | Build | Farm |
| 11:28 | Build | Farm |
| 11:35 | Build | Farm |
| 11:42 | Build | Farm |
| 11:56 | Create | Villager (Male) |
| 12:03 | Build | Farm |
| 12:24 | Build | Blacksmith |
| 12:31 | Build | Farm |
| 12:34 | Create | Villager (Male) |
| 12:35 | Create | Villager (Male) |
| 12:57 | Build | Stone Wall |
| 13:03 | Create | Villager (Male) |
| 13:30 | Build | Market |
| 13:45 | Create | Villager (Male) |
| 13:50 | Research | Wheelbarrow |
| 14:15 | Build | Stone Wall |
| 14:25 | Create | Villager (Male) |
| 14:32 | Research | Padded Archer Armor |
| 14:43 | Build | Farm |
| 14:47 | Build | Farm |
| 14:53 | Create | Villager (Male) |
| 15:12 | Research | Fletching |
| 15:21 | Build | Farm |
| 15:33 | Build | Farm |
| 15:46 | Create | Villager (Male) |
| 16:18 | Create | Villager (Male) |
| 16:18 | Create | Villager (Male) |
| 16:30 | Build | Farm |
| 16:47 | Build | Stone Wall |
| 16:53 | Build | Building 490 |
| 17:00 | Build | House |
| 17:01 | Build | House |
| 17:02 | Build | House |
| 17:03 | Build | House |
| 17:05 | Build | House |
| 17:07 | Build | House |
| 17:11 | Create | Villager (Male) |
| 17:31 | Build | Farm |
| 17:38 | Build | Farm |
| 17:43 | Create | Villager (Male) |
| 17:50 | Build | Farm |
| 17:56 | Build | Farm |
| 18:19 | Build | Farm |
| 18:27 | Research | Castle Age |
| 19:30 | Create | Villager (Male) |
| 19:31 | Create | Villager (Male) |
| 19:39 | Research | Scale Mail Armor |
| 19:40 | Research | Forging |
| 19:59 | Build | Watch Tower |
| 20:07 | Build | House |
| 20:08 | Build | House |
| 20:09 | Build | House |
| 20:10 | Build | House |
| 20:11 | Build | House |
| 20:12 | Build | House |
| 20:14 | Build | House |
| 20:15 | Build | House |
| 20:19 | Build | House |
| 20:21 | Build | House |
| 20:26 | Create | Villager (Male) |
| 20:30 | Research | Scale Barding Armor |
| 20:33 | Research | Stone Mining |
| 20:35 | Research | Gold Mining |
| 21:07 | Age | Castle Age |
| 21:21 | Build | Town Center |
| 21:23 | Create | Villager (Male) |
| 21:28 | Research | Bow Saw |
| 21:32 | Research | Heavy Plow |
| 21:44 | Build | University |
| 22:07 | Build | Watch Tower |
| 22:11 | Create | Villager (Male) |
| 22:14 | Research | Hand Cart |
| 22:21 | Research | Leather Archer Armor |
| 22:49 | Build | Barracks |
| 22:56 | Research | Fortified Wall (upgrade) |
| 23:10 | Create | Villager (Male) |
| 23:17 | Create | Villager (Male) ×5 |
| 23:34 | Create | Villager (Male) |
| 23:34 | Create | Villager (Male) |
| 23:51 | Build | Archery Range |
| 24:20 | Create | Villager (Male) |
| 24:33 | Research | Man-at-Arms (upgrade) |
| 24:49 | Build | Stable |
| 24:58 | Build | Monastery |
| 25:12 | Create | Archer ×5 |
| 25:15 | Research | Crossbowman (upgrade) |
| 25:34 | Build | Watch Tower |
| 25:38 | Create | Villager (Male) |
| 25:38 | Create | Villager (Male) |
| 25:39 | Create | Villager (Male) |
| 25:39 | Create | Villager (Male) |
| 25:52 | Build | Lumber Camp |
| 25:58 | Build | Farm |
| 26:04 | Research | Light Cavalry (upgrade) |
| 26:07 | Create | Scout Cavalry |
| 26:07 | Create | Scout Cavalry |
| 26:14 | Research | Bodkin Arrow |
| 26:24 | Build | Farm |
| 26:28 | Create | Villager (Male) |
| 26:43 | Create | Archer |
| 26:56 | Create | Villager (Male) |
| 26:56 | Create | Villager (Male) |
| 26:57 | Create | Villager (Male) |
| 26:57 | Create | Villager (Male) |
| 27:23 | Build | Siege Workshop |
| 27:31 | Build | Siege Workshop |
| 27:36 | Create | Villager (Male) |
| 27:38 | Research | Hand Cart |
| 27:46 | Build | Farm |
| 27:47 | Build | Farm |
| 27:54 | Build | Farm |
| 27:55 | Build | Farm |
Build order — CHONNR10
First 150 of 567 actions detected
| 0:02 | Build | House |
| 0:04 | Build | House |
| 0:05 | Create | Villager (Male) |
| 0:05 | Create | Villager (Male) |
| 0:06 | Create | Villager (Male) |
| 0:06 | Create | Villager (Male) |
| 1:41 | Create | Villager (Male) |
| 2:54 | Create | Villager (Male) |
| 2:54 | Create | Villager (Male) |
| 2:55 | Create | Villager (Male) |
| 3:16 | Create | Villager (Male) |
| 4:12 | Build | Lumber Camp |
| 4:22 | Create | Villager (Male) |
| 4:38 | Create | Villager (Male) |
| 4:59 | Build | House |
| 5:23 | Research | Loom |
| 5:28 | Build | Mill |
| 5:32 | Create | Villager (Male) |
| 6:01 | Create | Villager (Male) |
| 6:34 | Build | Palisade Wall |
| 6:42 | Create | Villager (Male) |
| 6:46 | Create | Villager (Male) |
| 6:52 | Build | House |
| 7:38 | Create | Villager (Male) |
| 8:14 | Create | Villager (Male) |
| 8:15 | Create | Villager (Male) |
| 8:40 | Create | Villager (Male) |
| 8:41 | Create | Villager (Male) |
| 9:18 | Create | Villager (Male) |
| 9:46 | Research | Feudal Age |
| 10:20 | Build | Farm |
| 10:22 | Build | Farm |
| 10:51 | Build | Mining Camp |
| 11:12 | Build | House |
| 11:40 | Build | Lumber Camp |
| 12:00 | Build | Lumber Camp |
| 12:05 | Create | Villager (Male) |
| 12:05 | Create | Villager (Male) |
| 12:14 | Build | Farm |
| 12:15 | Build | Farm |
| 12:38 | Build | Watch Tower |
| 12:44 | Build | Stone Wall |
| 12:47 | Create | Villager (Male) |
| 12:56 | Build | Lumber Camp |
| 12:58 | Create | Villager (Male) |
| 13:24 | Build | Market |
| 13:35 | Build | Farm |
| 13:37 | Build | Farm |
| 13:48 | Create | Villager (Male) |
| 14:17 | Build | Farm |
| 14:30 | Build | House |
| 14:39 | Build | House |
| 14:49 | Build | Farm |
| 15:09 | Create | Villager (Male) |
| 15:33 | Create | Villager (Male) |
| 15:33 | Create | Villager (Male) |
| 15:36 | Build | Farm |
| 15:43 | Build | Farm |
| 15:54 | Build | Farm |
| 15:55 | Build | Farm |
| 16:00 | Create | Villager (Male) |
| 16:24 | Create | Villager (Male) |
| 16:34 | Build | Blacksmith |
| 16:53 | Create | Villager (Male) |
| 16:56 | Build | Farm |
| 17:17 | Research | Castle Age |
| 17:31 | Build | Farm |
| 17:56 | Build | Mining Camp |
| 18:04 | Create | Villager (Male) |
| 18:05 | Create | Villager (Male) |
| 18:57 | Build | Building 490 |
| 19:05 | Research | Stone Mining |
| 19:05 | Research | Gold Mining |
| 19:09 | Research | Padded Archer Armor |
| 19:10 | Research | Fletching |
| 19:22 | Research | Scale Barding Armor |
| 19:22 | Research | Forging |
| 19:30 | Research | Forging |
| 20:12 | Build | Town Center |
| 20:20 | Build | Town Center |
| 20:46 | Create | Villager (Male) |
| 20:50 | Build | Farm |
| 20:52 | Build | Farm |
| 21:07 | Research | Double-Bit Axe |
| 21:17 | Build | Farm |
| 21:19 | Create | Villager (Male) |
| 21:27 | Create | Villager (Male) |
| 21:57 | Research | Wheelbarrow |
| 22:01 | Create | Villager (Male) |
| 22:01 | Create | Villager (Male) |
| 22:02 | Create | Villager (Male) |
| 22:03 | Create | Villager (Male) |
| 22:04 | Create | Villager (Male) |
| 22:24 | Build | Town Center |
| 22:45 | Create | Villager (Male) |
| 22:47 | Create | Villager (Male) |
| 22:49 | Create | Villager (Male) |
| 22:49 | Create | Villager (Male) |
| 22:50 | Create | Villager (Male) |
| 23:01 | Research | Coinage |
| 23:06 | Create | Villager (Male) |
| 23:11 | Create | Villager (Male) |
| 23:19 | Build | Barracks |
| 23:33 | Create | Villager (Male) |
| 23:34 | Create | Villager (Male) |
| 23:51 | Build | House |
| 23:53 | Build | House |
| 23:59 | Build | House |
| 24:02 | Build | House |
| 24:03 | Build | House |
| 24:05 | Build | House |
| 24:06 | Build | House |
| 24:19 | Create | Villager (Male) |
| 24:20 | Create | Villager (Male) |
| 24:20 | Create | Villager (Male) |
| 24:20 | Create | Villager (Male) |
| 24:21 | Create | Villager (Male) |
| 24:47 | Create | Villager (Male) |
| 24:54 | Research | Padded Archer Armor |
| 24:55 | Research | Fletching |
| 25:01 | Research | Chain Barding Armor |
| 25:01 | Research | Iron Casting |
| 25:15 | Build | Siege Workshop |
| 25:27 | Build | Farm |
| 25:29 | Build | Farm |
| 25:31 | Create | Villager (Male) |
| 25:32 | Create | Villager (Male) |
| 25:33 | Create | Villager (Male) |
| 25:49 | Build | Castle |
| 25:58 | Create | Villager (Male) |
| 25:59 | Create | Villager (Male) |
| 25:59 | Create | Villager (Male) |
| 25:59 | Create | Villager (Male) |
| 26:05 | Build | Farm |
| 26:20 | Research | Bow Saw |
| 26:34 | Build | Lumber Camp |
| 26:47 | Research | Gold Shaft Mining |
| 26:48 | Create | Villager (Male) |
| 26:49 | Create | Villager (Male) |
| 26:54 | Build | Farm |
| 27:07 | Create | Battering Ram |
| 27:08 | Create | Battering Ram |
| 27:42 | Build | House |
| 27:52 | Build | Stable |
| 27:56 | Create | Villager (Male) |
| 27:57 | Create | Villager (Male) |
| 27:57 | Create | Villager (Male) |
| 27:58 | Create | Villager (Male) |
| 27:58 | Create | Villager (Male) |
| 27:59 | Create | Villager (Male) |
Match timeline
| 6:34 | CHONNR10 · wall_segment Palisade Wall x9 |
| 10:42 | DPackX · age_up feudal |
| 11:05 | a.mglass · first_building Barracks |
| 12:08 | PicanteMartinez · first_building Barracks |
| 12:10 | a.mglass · age_up feudal |
| 12:44 | CHONNR10 · wall_segment Stone Wall x6 |
| 12:57 | DPackX · wall_segment Stone Wall x14 |
| 13:06 | PicanteMartinez · age_up feudal |
| 14:01 | PicanteMartinez · first_building Archery Range |
| 14:15 | DPackX · wall_segment Stone Wall x18 |
| 15:09 | a.mglass · first_market_sell 100 wood |
| 15:10 | a.mglass · first_market_buy 100 food |
| 16:04 | CHONNR10 · first_market_buy 100 food |
| 16:47 | DPackX · wall_segment Stone Wall x16 |
| 18:09 | DPackX · first_market_sell 100 wood |
| 18:11 | DPackX · first_market_buy 100 food |
| 19:54 | PicanteMartinez · age_up castle |
| 20:00 | PicanteMartinez · first_building Castle |
| 20:04 | CHONNR10 · first_market_sell 100 wood |
| 20:42 | a.mglass · first_building Stable |
| 20:54 | a.mglass · first_building Archery Range |
| 21:07 | DPackX · age_up castle |
| 21:38 | a.mglass · age_up castle |
| 22:24 | a.mglass · first_building Siege Workshop |
| 22:49 | DPackX · first_building Barracks |
| 23:19 | CHONNR10 · first_building Barracks |
| 23:51 | DPackX · first_building Archery Range |
| 24:49 | DPackX · first_building Stable |
| 24:58 | DPackX · first_building Monastery |
| 25:15 | CHONNR10 · first_building Siege Workshop |
| 25:49 | CHONNR10 · first_building Castle |
| 26:10 | PicanteMartinez · first_building Siege Workshop |
| 27:23 | DPackX · first_building Siege Workshop |
| 27:52 | CHONNR10 · first_building Stable |
| 29:22 | a.mglass · first_building Castle |
| 29:44 | DPackX · wall_segment Stone Wall x10 |
| 29:51 | PicanteMartinez · tribute_sent a jugador 1 |
| 29:51 | PicanteMartinez · tribute_sent a jugador 3 |
| 29:51 | PicanteMartinez · tribute_sent a jugador 4 |
| 32:34 | CHONNR10 · first_building Archery Range |
| 32:44 | DPackX · first_building Castle |
| 35:56 | a.mglass · age_up imperial |
| 36:17 | DPackX · age_up imperial |
| 41:50 | DPackX · wall_segment Stone Wall x12 |
| 42:32 | PicanteMartinez · age_up imperial |
| 44:25 | PicanteMartinez · first_market_sell 500 food |
| 49:17 | PicanteMartinez · wall_segment Stone Wall x12 |
| 56:31 | a.mglass · resign |
[ AI ANALYSIS · 1 CREDIT ]
What really happened in this match?
Wolo.gg analyzes every decision: build order, eco, micro, common mistakes by bracket. Personalized analysis on WhatsApp or Discord in 30 seconds.
Civ guide
Japanese
Map guide
Black Forest
Perfil
PicanteMartinez